 Dungeon Crawl Stone Soup version 0.23.2-1-ga50397a (webtiles) character file.

Game seed: 16910447250623477162

2236 Wubba the Insei (level 9, -2/56 HPs)
             Began as an Octopode Transmuter on May 31, 2019.
             Was a Believer of Okawaru.
             Slain by a spriggan baker
             ... wielding a +0 dagger
              (15 damage)
             ... on level 8 of the Dungeon.
             The game lasted 00:27:38 (11922 turns).

Wubba the Insei (Octopode Transmuter)              Turns: 11922, Time: 00:27:39

Health: -2/56      AC:  1    Str:  9    XL:     9   Next: 36%
Magic:  15/15      EV: 13    Int: 16    God:    Okawaru [**....]
Gold:   373        SH:  0    Dex: 15    Spells: 4/16 levels left

rFire    . . .     SeeInvis .     - Unarmed
rCold    . . .     Gourm    .   (no shield)
rNeg     . . .     Faith    .   (helmet restricted)
rPois    .         Spirit   .   v - amulet of magic regeneration
rElec    .         Reflect  .   h - ring of resist corrosion
rCorr    +         Harm     .   (no ring)
MR       .....                  (no ring)
Stlth    +++.......             (no ring)
HPRegen  0.18/turn              (no ring)
MPRegen  0.39/turn              (no ring)
                                (no ring)
                                (no ring)

@: confusing touch, appendage
A: almost no armour, stealthy swim, amphibious, 8 rings, constrict 8, tentacle
spike 3, camouflage 1, gelatinous body 1
a: End Transformation, Heroism, Renounce Religion


You were on level 8 of the Dungeon.
You worshipped Okawaru.
Okawaru was pleased with you.
You were not hungry.
One of your tentacles had a temporary spike.
You visited 2 branches of the dungeon, and saw 9 of its levels.

You collected 373 gold pieces.

Inventory:

Missiles
 a - 157 arrows
 m - 8 tomahawks of dispersal (quivered)
Jewellery
 h - a ring of resist corrosion (left tentacle)
 v - an amulet of magic regeneration (around mantle)
Wands
 l - a wand of iceblast (20)
 q - a wand of flame (21)
Scrolls
 b - 2 scrolls of immolation {unknown}
 d - 4 scrolls of amnesia {unknown}
 e - a scroll of enchant weapon {unknown}
 f - a scroll of fog {unknown}
 g - 4 scrolls of identify {unknown}
 i - 4 scrolls of remove curse {unknown}
 j - 2 scrolls of enchant armour {unknown}
 n - 4 scrolls of teleportation {unknown}
 r - 4 scrolls of noise {unknown}
 x - a scroll of magic mapping {unknown}
 y - 2 scrolls of blinking {unknown}
Potions
 k - 2 potions of brilliance
 o - a potion of berserk rage {unknown}
 p - a potion of flight {unknown}
 s - 6 potions of curing {unknown}
 t - 4 potions of mutation {unknown}
 u - a potion of invisibility {unknown}
 z - a potion of heal wounds
Comestibles
 c - 6 rations
 w - a chunk of flesh


   Skills:
 + Level 3.0 Fighting
 - Level 2.0 Dodging
 - Level 1.1 Stealth
 + Level 7.7 Unarmed Combat
 - Level 4.1 Spellcasting
 * Level 0.8 Conjurations
 - Level 2.6 Hexes
 * Level 2.5 Translocations
 + Level 5.1 Transmutations
 * Level 0.9 Fire Magic
 - Level 5.0 Poison Magic
 * Level 2.8 Invocations


You had 4 spell levels left.
You knew the following spells:

 Your Spells              Type           Power        Failure   Level  Hunger
a - Beastly Appendage     Tmut           ###...       1%          1    None
b - Sticks to Snakes      Tmut           ###.....     3%          2    ##.....
c - Confusing Touch       Hex            ##....       5%          1    None
d - Spider Form           Tmut/Pois      ###.......   6%          3    ###....
e - Blink                 Tloc           N/A          9%          2    ##.....
f - Conjure Flame         Conj/Fire      #.......     34%         3    ###....

Your spell library contained the following spells:

 Spells                   Type           Power        Failure   Level  Hunger
 Slow                     Hex            ##......     9%          2    ##.....
 Magic Dart               Conj           #...         12%         1    None
 Freeze                   Ice            #...         17%         1    None
 Confuse                  Hex            ##......     17%         3    ###....
 Gell's Gravitas          Tloc           ##........   19%         3    ###....
 Throw Frost              Conj/Ice       #.....       22%         2    ##.....
 Mephitic Cloud           Conj/Pois/Air  #.......     22%         3    ###....
 Call Imp                 Summ           #.......     26%         2    ##.....
 Ozocubu's Armour         Chrm/Ice       #.......     45%         3    ###....
 Ice Form                 Ice/Tmut       ##......     50%         4    ####...
 Petrify                  Tmut/Erth      ##......     50%         4    ####...
 Throw Icicle             Conj/Ice       #.......     80%         4    ####...
 Summon Ice Beast         Ice/Summ       #.......     86%         4    ####...
 Blade Hands              Tmut           ###.......   50%         5    ######.
 Yara's Violent Unravell  Hex/Tmut       ###.......   67%         5    ######.
 Metabolic Englaciation   Hex/Ice        #.........   95%         5    ######.


Dungeon Overview and Level Annotations

Branches:
Dungeon (8/15)             Temple (1/1) D:4
   Lair: D:8-11

Altars:
Ashenzari
Cheibriados
Dithmenos
Elyvilon
Fedhas
Gozag
Hepliaklqana
Kikubaaqudgha
Makhleb
Nemelex Xobeh
Okawaru
Qazlal
Ru
Sif Muna
Trog
Uskayaw
Vehumet
Wu Jian
Xom
Yredelemnul
Zin
The Shining One

Shops:
D:5 }[!

Annotations:
D:5 exclusion: downstairs
D:7 exclusion: phantom


Innate Abilities, Weirdness & Mutations

You cannot wear most types of armour.
You are very stealthy in the water. (Stealth+)
You are amphibious.
You can wear up to eight rings at the same time.
You can use your tentacles to constrict eight enemies at once.
Your skin changes colour to match your surroundings (Stealth+).
Your rubbery body absorbs attacks. (AC +1, EV +1)
One of your tentacles bears a large vicious spike.


Message History

Your tentacles begin to glow red.
The spriggan baker hits you with a +0 dagger!
The spriggan baker hits you with a +0 dagger!
You are too injured to fight recklessly!
You are too injured to fight recklessly!
You are too injured to fight recklessly!
You are too injured to fight recklessly!
You are too injured to fight recklessly!
You are too injured to fight recklessly!
You are too injured to fight recklessly!
You tentacle-slap the spriggan baker but do no damage.
Your grab misses the spriggan baker.
You pierce the spriggan baker, but do no damage.
The spriggan baker hits you with a +0 dagger!
* * * LOW HITPOINT WARNING * * *
You closely miss the spriggan baker. You grab the spriggan baker.
You squeeze the spriggan baker, but do no damage.
You constrict the spriggan baker, but do no damage.
The spriggan baker hits you with a +0 dagger!
You die...

############## #............##
#.#########...#
#####################.###.
#........@i..%#.......###.
#.##'##.###.#%#.#.###.#.#.
#.##_##.### # #.#.####...#
##..###....# #.#.........
###...####.#######.######...#
#...#.............)# ##.##
#.#...####.......##### #.#
#.##.## #####...)...#####.##
#####.##.##########..............


You could see a spriggan baker.

Vanquished Creatures
  An ice beast (D:6)
  A sky beast (D:7)
  An orc warrior (D:6)
  An ogre (D:8)
  A phantom (D:4)
  3 centaurs
  A wyvern zombie (D:6)
  7 bullfrogs
  4 scorpions
  4 wights (D:6)
  A howler monkey (D:4)
  A centaur zombie (D:6)
  A hound (D:8)
  A centaur skeleton (D:7)
  An orc priest (D:7)
  A gnoll shaman (D:6)
  4 orc wizards
  2 iguanas (D:6)
  Natasha (thrice) (D:4)
  3 worker ants
  A howler monkey zombie (D:8)
  2 worker ant zombies
  7 adders
  A shadow imp (D:5)
  An adder skeleton (D:8)
  2 worms
  2 dart slugs
  4 leopard geckos
  15 orcs
  4 giant cockroaches
  5 goblins
  5 hobgoblins
  3 jackals (D:8)
  7 kobolds
  A quokka (D:8)
  2 ball pythons
  7 bats
  3 frilled lizards
  A jackal zombie (D:6)
  8 rats
123 creatures vanquished.

Notes
Turn   | Place    | Note
-------+----------+-------------------------------------------
     0 | D:1      | Wubba the Octopode Transmuter began the quest for the Orb.
     0 | D:1      | Reached XP level 1. HP: 13/13 MP: 3/3
   222 | D:1      | Reached XP level 2. HP: 13/18 MP: 5/5
   348 | D:1      | Learned a level 2 spell: Sticks to Snakes
   748 | D:1      | Reached XP level 3. HP: 23/23 MP: 4/6
  1267 | D:2      | Found an ancient bone altar of Kikubaaqudgha.
  1267 | D:2      | Found a shattered altar of Ashenzari.
  1422 | D:2      | Found a radiant altar of Vehumet.
  1423 | D:2      | Found a white marble altar of Elyvilon.
  2203 | D:3      | Reached skill level 1 in Stealth
  2203 | D:3      | Reached skill level 4 in Unarmed Combat
  2203 | D:3      | Reached XP level 4. HP: 13/28 MP: 5/8
  2673 | D:3      | Learned a level 1 spell: Confusing Touch
  2677 | D:3      | Learned a level 3 spell: Spider Form
  2974 | D:3      | Reached skill level 1 in Poison Magic
  3089 | D:3      | Found a basalt altar of Yredelemnul.
  3464 | D:4      | Found a staircase to the Ecumenical Temple.
  3478 | D:4      | Reached XP level 5. HP: 12/33 MP: 9/9
  3485 | Temple   | Entered the Ecumenical Temple
  3633 | Temple   | Became a worshipper of Warmaster Okawaru
  3745 | D:4      | Noticed Natasha
  3756 | D:4      | Killed Natasha
  3756 | D:4      | Reached skill level 1 in Hexes
  3844 | D:4      | Noticed Natasha
  3857 | D:4      | Killed Natasha
  4003 | D:4      | Noticed Natasha
  4106 | D:4      | Killed Natasha
  4431 | D:4      | Reached XP level 6. HP: 38/38 MP: 7/10
  4498 | D:4      | Noticed a phantom
  4529 | D:4      | Killed a phantom
  5145 | D:5      | Entered Level 5 of the Dungeon
  5506 | D:5      | Found Ovuakkit's Armour Boutique.
  5698 | D:5      | Reached * piety under Okawaru
  5698 | D:5      | Reached XP level 7. HP: 40/43 MP: 10/12
  5723 | D:5      | Found Woynorimp's General Store.
  5731 | D:5      | Found Wabruff's Distillery.
  6106 | D:5      | Reached skill level 5 in Unarmed Combat
  6110 | D:5      | Found Dureuk's Gadget Shoppe.
  7379 | D:6      | Reached XP level 8. HP: 34/50 MP: 11/14
  8014 | D:6      | Reached ** piety under Okawaru
  8014 | D:6      | Reached skill level 6 in Unarmed Combat
  8611 | D:6      | Learned a level 2 spell: Blink
  8615 | D:6      | Learned a level 3 spell: Conjure Flame
  8692 | D:6      | HP: 2/50 [wight/+0 dire flail (11)]
  9077 | D:7      | Reached skill level 5 in Poison Magic
  9277 | D:7      | Reached skill level 1 in Invocations
  9298 | D:7      | HP: 1/51 [something (6)]
  9299 | D:7      | Reached skill level 1 in Translocations
  9731 | D:7      | Reached skill level 7 in Unarmed Combat
  9900 | D:7      | Reached XP level 9. HP: 25/55 MP: 13/15
 10162 | D:7      | Found a hide-covered altar of Uskayaw.
 11098 | D:8      | Reached skill level 5 in Transmutations
 11545 | D:8      | Found a basalt altar of Yredelemnul.
 11922 | D:8      | Slain by a spriggan baker

Skill      XL: |  1  2  3  4  5  6  7  8  9 |
---------------+----------------------------+-----
Stealth        | 1 |  1.1
Unarmed Combat | 4 5 7 |  7.7
Poison Magic   | 1 2 4 5 |  5.0
Spellcasting   | 3 4 |  4.1
Hexes          | 1 2 |  2.6
Transmutations | 3 4 5 |  5.1
Fighting       | 2 3 |  3.0
Invocations    | 2 |  2.8
Translocations | 1 2 |  2.5
Dodging        | |  2.0
Conjurations   | |  0.8
Fire Magic     | |  0.9

Action                   |  1- 3 |  4- 6 |  7- 9 || total
-------------------------+-------+-------+-------++-------
Melee: Unarmed           |    68 |   124 |   223 ||   415
       Constrict         |    18 |    20 |    34 ||    72
       Kick              |    10 |    20 |    49 ||    79
       Tentacles         |     8 |    14 |    46 ||    68
       Punch             |     2 |     1 |     7 ||    10
 Cast: Beastly Appendage |    25 |    18 |    30 ||    73
       Confusing Touch   |       |     8 |    25 ||    33
       Spider Form       |       |     4 |     8 ||    12
       Sticks to Snakes  |       |       |     2 ||     2
Invok: Heroism           |       |       |     1 ||     1
  Use: Potion            |       |     5 |     1 ||     6
 Stab: Sleeping          |     3 |     4 |     5 ||    12
       Distracted        |       |     1 |       ||     1
       Confused          |       |     5 |    13 ||    18
  Eat: Chunk             |     3 |     9 |    10 ||    22
       Ration            |       |     1 |     3 ||     4
Armor: Skin              |     3 |     4 |     4 ||    11
Dodge: Dodged            |    37 |    64 |   122 ||   223
